 Dungeon Crawl Stone Soup version 0.25.0-9-g26727b6 (webtiles) character file.

Game seed: 6424224144485996879

210 r3xj the Slasher (level 5, -8/41 HPs)
             Began as a Barachi Fighter on June 19, 2020.
             Mangled by an ogre
             ... wielding a +0 giant club
              (12 damage)
             ... on level 5 of the Dungeon.
             The game lasted 00:07:05 (3455 turns).

r3xj the Slasher (Barachi Fighter)                  Turns: 3455, Time: 00:07:06

Health: -8/41      AC: 12    Str: 18    XL:     5   Next: 88%
Magic:  5/5        EV:  3    Int:  9    God:
Gold:   167        SH:  9    Dex: 11    Spells: 4/4 levels left

rFire    . . .     SeeInvis .   a - +1 long sword
rCold    . . .     Gourm    .   c - +0 kite shield
rNeg     . . .     Faith    .   t - +0 plate armour
rPois    .         Spirit   .   u - +0 helmet
rElec    .         Reflect  .   (no cloak)
rCorr    .         Harm     .   (no gloves)
MR       .....                  (no boots)
Stlth    ..........             (no amulet)
HPRegen  0.13/turn              (no ring)
MPRegen  0.09/turn              (no ring)

@: mighty, can't hop, slow
A: +LOS, swims, slowness 1, strong legs 1
a: Hop


You were on level 5 of the Dungeon.
You were hungry.

You visited 1 branch of the dungeon, and saw 5 of its levels.

You collected 167 gold pieces.

Inventory:

Hand Weapons
 a - a +1 long sword (weapon)
Missiles
 g - 15 poisoned darts (quivered)
Armour
 b - a +0 scale mail
 c - a +0 kite shield (worn)
 t - a +0 plate armour (worn)
 u - a +0 helmet (worn)
Scrolls
 h - 3 scrolls of identify
 k - a scroll of amnesia
Potions
 d - a potion of might
 e - 2 potions of resistance
 i - a potion of haste {unknown}
 l - a potion of flight {unknown}
 m - 2 potions of curing {unknown}
 n - 2 potions of heal wounds {unknown}
 s - a potion of degeneration {unknown}
 v - a potion of lignification {unknown}
Comestibles
 f - 6 rations


   Skills:
 - Level 3.6 Fighting
 + Level 6.7 Long Blades
 - Level 3.6 Armour
 + Level 1.6 Dodging
 + Level 0.2 Stealth
 - Level 3.2 Shields


You had 4 spell levels left.
You didn't know any spells.
Your spell library was empty.

Dungeon Overview and Level Annotations

Branches:
Dungeon (5/15)
 Temple: D:4-7

Altars:
Qazlal
Sif Muna

Annotations:
D:4 1 runed translucent door, lunkers's ghost, amateur KoAK


Innate Abilities, Weirdness & Mutations

You can be seen from farther away. (+LOS)
You can swim through water.
You cover ground slowly.
You can hop short distances.


Message History

You are too injured to fight recklessly!
You are too injured to fight recklessly!
You are too injured to fight recklessly!
You are too injured to fight recklessly!
You are too injured to fight recklessly!
You are too injured to fight recklessly!
Hop to where?
Press: ? - help, Dir - move target cursor Boing!
Found 12 stones.
You are feeling hungry.
Found 17 stones.
You see here 12 stones.
You feel very mighty all of a sudden. You block the adder's attack.
Your plate armour prevents you from hitting the adder.
You block the adder's attack.
You miss the adder. The adder bites you but does no damage.
You block the adder's attack. The ogre hits you with a +0 giant club!
You die...

##......## ...
.####........## #...
..........?...##....
.#####.....#........
#....#.....%..
#....#........
#.##..?....... #.#
##.SO##... ... ##@##
. ..## #.# ...# #.#
... ..# .. ..# ....
..(. ....# .....


You could see an ogre and an adder.

Vanquished Creatures
  2 worker ants
  6 adders
  2 oozes
  2 worms
  4 dart slugs
  2 leopard geckos
  5 orcs
  5 giant cockroaches
  6 goblins
  9 hobgoblins
  4 jackals (D:1)
  2 quokkas (D:3)
  A ball python (D:4)
  5 bats
  8 frilled lizards
  13 kobolds
  A quokka skeleton (D:4)
  7 rats
84 creatures vanquished.

Notes
Turn   | Place    | Note
-------+----------+-------------------------------------------
     0 | D:1      | r3xj the Barachi Fighter began the quest for the Orb.
     0 | D:1      | Reached XP level 1. HP: 18/18 MP: 1/1
    60 | D:1      | Reached skill level 3 in Long Blades
    79 | D:1      | Reached XP level 2. HP: 22/24 MP: 2/2
   400 | D:1      | Reached skill level 4 in Long Blades
   400 | D:1      | Reached XP level 3. HP: 29/29 MP: 3/3
   617 | D:1      | You fall into a shaft and drop 1 floor!
  1247 | D:2      | Reached XP level 4. HP: 32/36 MP: 4/4
  1284 | D:2      | Reached skill level 5 in Long Blades
  1776 | D:2      | Reached skill level 1 in Dodging
  2433 | D:3      | Reached XP level 5. HP: 41/41 MP: 5/5
  2494 | D:3      | Reached skill level 6 in Long Blades
  2683 | D:3      | Found a shimmering blue altar of Sif Muna.
  2907 | D:4      | Noticed a water elemental
  2909 | D:4      | Found a stormy altar of Qazlal.
  2915 | D:4      | Noticed a fire elemental
  2923 | D:4      | Noticed an air elemental
  3300 | D:4      | Found a runed translucent door.
  3300 | D:4      | Noticed lunkers's ghost (amateur KoAK)
  3372 | D:5      | Entered Level 5 of the Dungeon
  3439 | D:5      | Noticed an ogre
  3444 | D:5      | HP: 2/41 [ogre/+0 giant club (20)]
  3455 | D:5      | Mangled by an ogre

Illustrated notes

Levels and vault maps discovered:
D:1:      dpeg_arrival_water_fire, layout_basic, chequers_hall_statues_corner_a
D:2:      layout_basic, corexii_item_surrounded_by_moat, minmay_tall_x
D:3:      layout_rooms, overflow_temple_1_default, first_ration
D:4:      layout_rooms, gammafunk_ghost_grave, nicolae_qazlal_style_of_elements
D:5:      layout_layer_cave, kennysheep_mini, minmay_temple_entry_from_below_b,
          uniq_sigmund

Skill      XL: |  1  2  3  4  5 |
---------------+----------------+-----
Long Blades    | 3 4 5 6 |  6.7
Dodging        | 1 |  1.6
Fighting       | |  3.6
Armour         | |  3.6
Stealth        | |  0.2
Shields        | |  3.2

Action                   |  1- 3 |  4- 6 || total
-------------------------+-------+-------++-------
Melee: Long sword        |   114 |   222 ||   336
 Abil: Hop               |       |     2 ||     2
  Use: Scroll            |       |     8 ||     8
       Potion            |       |     1 ||     1
  Eat: Chunk             |     1 |     5 ||     6
       Ration            |       |     1 ||     1
Armor: Scale mail        |    53 |    24 ||    77
       Plate armour      |       |    92 ||    92
Dodge: Dodged            |    36 |    35 ||    71
Block: Kite shield       |    54 |   116 ||   170
       Rpst.: Long sword |    11 |    13 ||    24
